Match 46524484
Unlisted

Match 46524484
End
Kradschützen Motorcycle Team
Selects Panzerjäger Kommand Battlegroup
Selects Blockade Equipment
Panzergrenadier Squad
Panzergrenadier Squad
Construct Light Support Kompanie
Fire Support Elements
Vehicle Survival Package
Flakvierling Half-track
2.5-tonne Medical Truck
Panzerjäger Mechanized Group
Selects Defensive Positions
Veteran Squad Leaders
Selects Butterfly Bomb Drop
Construct Panzerarmee Kommand
Selects Tank Busters
Butterfly Bomb Drop
Panzer III L Medium Tank
Assault Mechanized Group
Panzer III L Medium Tank
Emergency Repair Kits
Selects Crew Shock Tactics
Armored Reserves
Panzer IV Assault Group
Butterfly Bomb Drop
Tiger Heavy Tank
Rapid Advance
CAuMOH
K̳itsuné
braindamage
Eilte
0
0

Comments sign in to comment!

No comments posted yet!